← All builds
Geo sea / Legion / Economy first / OBSERVED BUILD

Standard geo sea

Baseline cove-side sea play: bot lab then shipyard in the cove around 3:06, first Syracusia by 5:04, geothermal on time around 7:42 and an Advanced Metal Extractor to build up eco, transitioning into more Syracusia and Argonaut over the…

Usually shipyard in the cove (95%) · geo on time (90%)

#naval #eco · 20 distinct matches · 10 players · 40% of Legion Geo sea games · team won 45% of 20 · Recently observed

HOW TO PLAY IT

Key timing: First Syracusia by 5:18

  1. Take 3 mex and open into wind while starting the bot lab.
  2. Rush the bot lab finish for early defense on the coast.
  3. Get the shipyard up to start frigate production.
  4. Push the first Syracusia frigate out for sea control.
  5. Layer geothermal and advanced mex, then keep feeding the Syracusia navy.

Phase by phase

TYPICAL OF ITS 20 GAMES · AGAINST STANDARD GEO SEA
  1. 1
  2. 2
  3. 3
  4. 4
PLAY THE OPENING

Follow the example game's first 6:00 step by step: what to build now, what comes next, and where it goes. At 1× it keeps pace with your own game.

  1. 1

    Up to the Legion Bot Lab

    Economy
    • Metal Extractor3Mex
    Order
    1. Legion Bot LabLegion Bot Lab after 3 mexdone ~1:07, middle half 1:04–1:13

    Some games also: wind (50%) · solar (45%) · wind for allies (30%)

    The standard build makes here, this one skips: 3 wind

    By 0:50 in all: 3 mex

    The example game in this phase · 2 steps
    1. Mex ×3
    2. Legion Bot LabLegion Bot Labdone 0:48 · typical 1:07
  2. 2

    Legion Bot Lab to Shipyard

    Economy
    • Metal Extractor1Mex
    Order
    1. ShipyardShipyard after 4 mex, 4 wind, 1 solardone ~3:06, middle half 2:36–3:52
    Builders
    • Zagreus3 Zagreus
    • Legion Construction Bot3 Legion Construction Bot

    Some games also: wind (50%) · con turret (40%) · Goblin (35%) · energy storage (30%) · Toxotai (30%)

    The standard build makes here, this one skips: 3 wind · 2 Toxotai

    By 2:38 in all: 4 mex · 4 wind · 1 solar

    The example game in this phase · 9 steps
    1. ZagreusZagreus
    2. Solar
    3. Wind ×2for unknown
    4. Legion Construction BotLegion Construction Bot ×2
    5. ZagreusZagreus
    6. Legion Construction BotLegion Construction Bot ×2
    7. ZagreusZagreus
    8. Mex
    9. ShipyardShipyarddone 2:34 · typical 3:06
  3. 3

    Shipyard to 5:00

    Economy
    • Metal Extractor4Mex
    • Wind Turbine2Wind
    Builders
    • Construction Ship1 Con ship
    Army
    • Pharos1 Pharos
    • Argonaut2 Argonaut
    • Syracusia1 Syracusia

    Some games also: converter (50%) · con turret (45%) · Radar Tower (45%) · Legion Drone (40%) · Hippocampus (40%)

    The standard build makes here, this one skips: 2 converter · 2 Radar Tower

    By 5:00 in all: 8 mex · 4 wind (standard 9) · 1 solar · 1 energy storage · 1 con turret

    The example game in this phase · 15 steps
    1. Energy storage
    2. Construction ShipCon ship
    3. ArgonautArgonaut
    4. Mex ×2
    5. ArgonautArgonaut
    6. Mex
    7. SyracusiaSyracusiadone 4:38 · typical 5:06
    8. Mex
    9. Con turret
    10. Mex ×2
    11. Legion DroneLegion Drone
    12. DionysusDionysus
    13. Overcharged Metal Extractor
    14. Converter
    15. Legion DroneLegion Drone
  4. 4

    5:00 to 10:00

    Economy
    • Metal Extractor1Mex−2 vs standard
    • Wind Turbine15Wind+4 vs standard
    • Energy Converter3Converter+3 vs standard
    • Energy Storage1Energy storage
    Order
    1. Geothermal PowerplantGeo after 9 mex, 10 wind, 3 converter
    Builders
    • Construction Turret2 Con turret
    • Dionysus1 Dionysus
    Army
    • Pharos1 Pharos −3 vs standard
    • Legion Drone10 Legion Drone

    Some games also: con ship (45%) · Stheno (30%) · Hippocampus (30%)

    The standard build makes here, this one skips: 2 Bramble

    By 10:00 in all: 9 mex · 19 wind · 1 solar · 1 geo · 5 converter · 1 energy storage

    The example game in this phase · 130 steps
    1. Converter
    2. IapetusIapetus
    3. Wind
    4. Converter
    5. Wind
    6. Radar TowerRadar Tower
    7. ArgonautArgonaut
    8. Wind ×2
    9. SyracusiaSyracusia
    10. Overcharged Metal Extractor
    11. Naval Radar / Sonar TowerNaval Radar / Sonar Tower
    12. Wind ×3
    13. Geothermal PowerplantGeodone 8:05 · typical 7:51
    14. Legion DroneLegion Drone
    15. SyracusiaSyracusia
    16. Wind
    17. Overcharged Metal Extractor
    18. Wind
    19. Legion DroneLegion Drone
    20. Wind
    21. Legion DroneLegion Drone
    22. Wind ×3
    23. Advanced Metal ExtractorT2 mexdone 9:19 · typical 9:11
    24. Wind
    25. Overcharged Metal Extractor
    26. Energy storage
    27. PharosPharos
    28. Con turret
    29. SyracusiaSyracusia
    30. PharosPharos ×2
    31. Con turret
    32. Overcharged Metal Extractor
    33. PharosPharos
    34. Overcharged Metal Extractor
    35. PharosPharos
    36. Wind
    37. Legion DroneLegion Drone
    38. Wind
    39. PharosPharos
    40. SyracusiaSyracusia
    41. Advanced Metal ExtractorT2 mex
    42. Wind ×2
    43. Overcharged Metal Extractor
    44. Legion DroneLegion Drone
    45. Wind
    46. Legion DroneLegion Drone
    47. DionysusDionysus
    48. Wind
    49. Naval Radar / Sonar TowerNaval Radar / Sonar Tower
    50. DionysusDionysus
    51. Advanced Metal ExtractorT2 mex
    52. Wind
    53. Legion DroneLegion Drone ×2
    54. DionysusDionysus
    55. Wind
    56. DionysusDionysus
    57. Wind
    58. SyracusiaSyracusia
    59. Wind
    60. Naval Radar / Sonar TowerNaval Radar / Sonar Tower
    61. Advanced Metal ExtractorT2 mex
    62. Legion DroneLegion Drone
    63. Wind
    64. IapetusIapetus
    65. Wind ×2
    66. SyracusiaSyracusia
    67. Wind
    68. IapetusIapetus
    69. Legion DroneLegion Drone
    70. Wind
    71. Legion DroneLegion Drone ×2
    72. Wind
    73. IapetusIapetus
    74. Legion DroneLegion Drone
    75. Wind
    76. Legion DroneLegion Drone
    77. IapetusIapetus
    78. Wind
    79. IapetusIapetus
    80. Con turret
    81. IapetusIapetus
    82. Advanced Metal ExtractorT2 mex
    83. Con turret ×2
    84. Legion DroneLegion Drone ×3
    85. ArgonautArgonaut ×2
    86. Advanced Metal ExtractorT2 mex
    87. ArgonautArgonaut
    88. Legion DroneLegion Drone
    89. ArgonautArgonaut
    90. Legion DroneLegion Drone ×2
    91. ArgonautArgonaut
    92. BrambleBramble
    93. ArgonautArgonaut
    94. SyracusiaSyracusia
    95. Advanced solar
    96. Tidal
    97. Legion DroneLegion Drone ×2
    98. SyracusiaSyracusia
    99. Legion DroneLegion Drone
    100. Dragon's TeethDragon's Teeth ×3
    101. Tidal
    102. Dragon's TeethDragon's Teeth
    103. Advanced solar
    104. Dragon's TeethDragon's Teeth ×2
    105. Legion DroneLegion Drone ×5
    106. SyracusiaSyracusia
    107. Legion DroneLegion Drone
    108. Dragon's TeethDragon's Teeth
    109. PrudePrudenot finished by 15:00
    110. Dragon's TeethDragon's Teeth ×2
    111. Tidal
    112. Dragon's TeethDragon's Teeth ×2
    113. Advanced solar
    114. Dragon's TeethDragon's Teeth
    115. Legion DroneLegion Drone
    116. Dragon's TeethDragon's Teeth
    117. Legion DroneLegion Drone
    118. SyracusiaSyracusia
    119. Legion DroneLegion Drone ×3
    120. Dragon's TeethDragon's Teeth
    121. Legion DroneLegion Drone
    122. Dragon's TeethDragon's Teeth ×2
    123. Con turret ×2
    124. Dragon's TeethDragon's Teeth
    125. Con turret
    126. Dragon's TeethDragon's Teeth
    127. Tidal
    128. Legion DroneLegion Drone ×4
    129. Con turret
    130. Legion DroneLegion Drone

Counts are medians over the build's games: half of them build more, half fewer. The example game is KingBenjai's (40 OS, 19/08/2026); pick another.

Team trades

IN AT LEAST 30% OF ITS GAMES

You hand over

  • Wind Turbine2 Wind to Airfirst at 1:38 · in 60% of games

You get

  • Finch1 Finch from Airfirst at 1:47 · in 45% of games
  • Hercules1 Light transport from Airfirst at 2:10 · in 30% of games
  • Advanced Construction Bot1 T2 con bot from Techfirst at 7:32 · in 70% of games

How it plays out

Typical game of this build, running totals by minute

Metal produced

010k20k30k
0:005:0010:0015:00

metal

Enemy metal destroyed

05k10k
0:005:0010:0015:00

metal

Own metal lost

02k4k
0:005:0010:0015:00

metal

20 games.

Show as table
ByMetal produced: This buildEnemy metal destroyed: This buildOwn metal lost: This build
1:0039700
2:0092800
3:00162100
4:0028335251
5:00399518362
6:005325565124
7:006791603176
8:0082851412345
9:00102131702419
10:00122262348918
11:001452333851656
12:001734337762213
13:002005253902343
14:002349770313351
15:002767597993665
WHAT THE NUMBERS SAY

Standard geo sea sits near an even split on wins while destroying more metal than it loses by 15:00, typical for a contested sea role.

  • + Enemy metal destroyed reaches 7775 by 15:00 against 4863 lost.
  • + Syracusia dominates army composition at 43%, showing a clear naval focus.
  • − Team win rate is only 47%, essentially a coin flip.
  • − T2 factory only completes in 32% of games, so tech transition often stalls.
THE EXAMPLE YOU ARE READING

KingBenjai

39.5 OS · 19/08/2026

Open source match ↗

5 received units · includes a constructor
310 metal received · 77172 energy received

Allied construction assistance is unknown. Timings are observations, not a promise of solo reproducibility.

Typical milestones

Legion Bot Lab1:07Middle 50%: 1:04–1:13 · n=20
Shipyard3:06Middle 50%: 2:36–3:52 · n=20
Syracusia5:06Middle 50%: 4:36–5:55 · n=20
Geothermal Powerplant7:51Middle 50%: 6:58–10:12 · n=20
Advanced Metal Extractor9:11Middle 50%: 8:42–9:28 · n=13

Played most by

KingBenjai8games of this buildHighlyRegarded2games of this buildPRO_Rerory2games of this buildRysica2games of this buildarmjanus1game of this build